 Dungeon Crawl Stone Soup version 0.31-a0-981-geadf994542 (webtiles) character file.

Game seed: 12786002991389478626

147 AIAndy the Ruffian (level 5, -1/33 HPs)
             Began as an Octopode Shapeshifter on Nov 1, 2023.
             Killed by divine providence
             ... invoked by an orc priest
              (14 damage)
             ... on level 3 of the Dungeon.
             The game lasted 00:03:08 (1883 turns).

AIAndy the Ruffian (Octopode Shapeshifter)          Turns: 1883, Time: 00:03:09

Health: -1/33      AC:  1    Str: 15    XL:     5   Next: 29%
Magic:  5/5        EV: 13    Int: 13    God:
Gold:   74         SH:  0    Dex: 11    Spells: 4/4 levels left

rFire   . .          .
                       - Unarmed
rCold   . . .        (no shield)
rNeg    . . .        (helmet currently unavailable)
rPois   .            (no amulet)
rElec   .            (no ring)
rCorr   .            (no ring)
SInv    .            (no ring)
Will    .....        (no ring)
Stlth   ++           (no ring)
HPRegen 0.25/turn    (no ring)
MPRegen 0.09/turn    (no ring)
                     (no ring)

%: no passive effects
@: lethally poisoned (-1 -> -8), beast-form, studying Conjurations
A: beast (slay +2), almost no armour, amphibious, 8 rings, camouflage 1,
gelatinous body 1, (nimble swimmer 1), tentacles
a: Begin Untransformation


You were on level 3 of the Dungeon.
You were a hulking beast.
You visited 1 branch of the dungeon, and saw 3 of its levels.

You collected 74 gold pieces.


Innate Abilities, Weirdness & Mutations

You are a hulking beast.
Your limbs bulge with bestial killing power. (Slay +2)
You cannot wear most types of armour.
You are amphibious.
You can wear up to eight rings at the same time.
Your skin changes colour to match your surroundings (Stealth+).
Your rubbery body absorbs attacks. (AC +1, EV +1)
((You are camouflaged when in or above water. (Stealth+)))
You have tentacles for arms and can constrict up to eight enemies at once.


   Skills:
 - Level 1.0 Fighting
 - Level 2.0 Dodging
 + Level 4.6 Unarmed Combat
 + Level 4.3 Shapeshifting


You had 4 spell levels left.
You didn't know any spells.
Your spell library contained the following spells:

 Spells                   Type           Power      Damage    Failure   Level
 Ensorcelled Hibernation  Hex/Ice        0%         N/A       43%         2
 Passwall                 Tmut/Erth      0%         N/A       43%         2
 Swiftness                Air            0%         N/A       67%         3
 Volatile Blastmotes      Fire/Tloc      0%         2d10      67%         3
 Fulminant Prism          Conj/Hex       0%         3d5       97%         4
 Iskenderun's Mystic Bla  Conj/Tloc      0%         2d3       97%         4

Inventory:

Talismans
 b - a beast talisman
 c - a flux talisman
Scrolls
 e - 4 scrolls of identify {unknown}
 f - a scroll of teleportation {unknown}
 i - a scroll of poison {unknown}
 l - a scroll of fog {unknown}
 m - a scroll of fear {unknown}
Potions
 a - a potion of lignification {!q}
 d - a potion of degeneration {unknown}
 g - a potion of magic {unknown}
 h - a potion of heal wounds {unknown}
 j - a potion of mutation {unknown}
 k - a potion of enlightenment {unknown}

Dungeon Overview and Level Annotations

Branches:
Dungeon (3/15)

Altars:

#....# ######.
#..#.# #.
##..#..## # #..
#...##...## .#
.... ##.†##
##..###.### ..###
#...# #........
.##
#.#.######.......
#............#
##.........$hl#
##........####oo#
#.........# #....
#........##
...... ###......#
..... #......#
..... #......#
.... ########
....


You could see an orc priest, an orc and a frilled lizard.


Message History

The orc priest hits you with a +1 dagger of venom.
You are poisoned.
The orc priest casts a cantrip, but nothing happens.
Things that are here:
a +0 mace; a +0 leather armour You tentacle-slap the orc priest but do no damage.
Your grab misses the orc priest.
You feel very sick. The orc closely misses you.
The orc priest barely misses you.
You tentacle-slap the orc priest. You grab the orc priest.
You squeeze the orc priest, but do no damage.
The orc priest is lightly wounded.
You constrict the orc priest, but do no damage.
You feel sick.
The orc priest hits you with a +1 dagger of venom.
You are more poisoned.
You tentacle-slap the orc priest. You squeeze the orc priest!
The orc priest is almost dead.
You constrict the orc priest.
You kill the orc priest!
You feel very sick.
You tentacle-slap the orc. Your grab misses the orc. You tentacle-slap the orc.
You kill the orc!
You feel very sick.
You barely miss the orc priest. You grab the orc priest.
You constrict the orc priest, but do no damage.
You feel sick.
The orc priest calls down the wrath of Beogh upon you.
Beogh smites you!
You die...

Skill      XL: |  1  2  3  4 |
---------------+-------------+-----
Unarmed Combat | 4 |  4.6
Shapeshifting  | 4 |  4.3
Fighting       | |  1.0
Dodging        | |  2.0

Action                     |  1- 3 |  4- 6 || total
---------------------------+-------+-------++-------
  Melee: Unarmed           |    60 |    40 ||   100
         Constrict         |    14 |    14 ||    28
         Tentacles         |    11 |    12 ||    23
         Punch             |     3 |     3 ||     6
   Stab: Sleeping          |     7 |     4 ||    11
 Armour: Skin              |    18 |    12 ||    30
  Dodge: Dodged            |    31 |    16 ||    47

Levels and vault maps discovered:
D:1:      minmay_arrival_up_and_down, layout_basic, st_stairs_10
D:2:      layout_basic
D:3:      layout_rooms

Notes
Turn   | Place    | Note
-------+----------+-------------------------------------------
     0 | D:1      | AIAndy the Octopode Shapeshifter began the quest for the
                  | Orb.
     0 | D:1      | Reached XP level 1. HP: 13/13 MP: 1/1
   125 | D:1      | Reached XP level 2. HP: 18/18 MP: 2/2
   883 | D:2      | Reached XP level 3. HP: 21/23 MP: 3/3
  1104 | D:2      | Reached XP level 4. HP: 28/28 MP: 4/4
  1106 | D:2      | Reached skill level 4 in Unarmed Combat
  1652 | D:3      | Reached skill level 4 in Shapeshifting
  1878 | D:3      | Reached XP level 5. HP: 28/33 MP: 5/5
  1883 | D:3      | Killed from afar by an orc priest

Vanquished Creatures
  An orc priest (D:3)
  7 adders
  A dart slug (D:3)
  2 orcs (D:3)
  5 endoplasms
  4 giant cockroaches
  3 goblins (D:1)
  6 hobgoblins
  3 quokkas (D:1)
  3 ball pythons
  4 bats
  2 frilled lizards
  3 kobolds
  4 rats
48 creatures vanquished.

Table legend: (Time is in decaauts)
 A = Elapsed time spent in this place.
 B = Non-inter-level travel time spent in this place.
 C = Inter-level travel time spent in this place.
 D = Time resting spent in this place.
 E = Time spent auto-exploring this place.
 F = Levels seen in this place.
 G = Mean time per level.
                   A        B        C        D        E       F      G
               +--------+--------+--------+--------+--------+-----+--------+
         Total |   1874 |   1764 |    110 |      0 |   1434 |   3 |  624.7 |
       Dungeon |   1874 |   1764 |    110 |      0 |   1434 |   3 |  624.7 |
               +--------+--------+--------+--------+--------+-----+--------+

Top non-repeatable levels by time:
     D:1: 832 daAuts
     D:2: 809 daAuts
     D:3: 233 daAuts

Table legend:
 A = Non-vault XP
 B = Vault XP
 C = Vault XP percentage of total XP
 D = Non-vault monster count
 E = Vault monster count
 F = Vault count percentage of total count
                 A         B        C        D         E       F
            +---------+---------+-------+---------+---------+-------
      Total |     207 |       4 |   1.9 |      45 |       3 |   6.2
            +---------+---------+-------+---------+---------+-------
        D:1 |      25 |       4 |  13.8 |      15 |       3 |  16.7
        D:2 |      80 |       0 |   0.0 |      18 |       0 |   0.0
        D:3 |     102 |       0 |   0.0 |      12 |       0 |   0.0
            +---------+---------+-------+---------+---------+-------
